 Dungeon Crawl Stone Soup version 0.27-a0-1200-g94dc6ad4cf (webtiles) character file.

Game seed: 1482225061180600175

4526 flotson the Covert (level 10, -2/82 HPs)
             Began as a Gnoll Delver on May 31, 2021.
             Slain by an orc warrior
             ... wielding a +0 dire flail
              (10 damage)
             ... on level 10 of the Dungeon.
             The game lasted 00:24:05 (10183 turns).

flotson the Covert (Gnoll Delver)                  Turns: 10183, Time: 00:24:07

Health: -2/82      AC:  9    Str: 14    XL:     10   Next: 39%
Magic:  17/17      EV: 12    Int: 10    God:
Gold:   2          SH:  9    Dex: 14    Spells: 19/19 levels left

rFire    . . .     SeeInvis .   a - +4 broad axe (vamp)
rCold    + . .     Faith    .   p - +0 kite shield
rNeg     . . .     Spirit   .   A - +3 leather armour {rC+}
rPois    .         Reflect  .   (no helmet)
rElec    .         Harm     .   (no cloak)
rCorr    +         Rampage  .   y - +0 pair of gloves
Will     .....                  H - +0 pair of boots
Stlth    ++++......             s - amulet of regeneration
HPRegen  1.23/turn              t - ring of resist corrosion
MPRegen  0.15/turn              (no ring)

@: no status effects
A: fangs 1, strong nose, distributed training
a: no special abilities


You were on level 10 of the Dungeon.
You visited 2 branches of the dungeon, and saw 11 of its levels.
You also visited: Sewer.

You collected 376 gold pieces.
You spent 374 gold pieces at shops.

Inventory:

Hand Weapons
 a - a +4 vampiric broad axe (weapon)
 b - a +0 hand crossbow
Missiles
 c - a throwing net
 d - 54 bolts
 h - 20 poisoned darts (quivered)
 u - 17 boomerangs of dispersal
Armour
 p - a +0 kite shield (worn)
 y - a +0 pair of gloves (worn)
 A - a +3 leather armour of cold resistance (worn)
 H - a +0 pair of boots (worn)
 J - a +0 leather armour of fire resistance
Jewellery
 q - a +6 ring of intelligence
 s - an amulet of regeneration (around neck)
 t - a ring of resist corrosion (left hand)
Wands
 g - a wand of digging (1)
 l - a wand of mindburst (17)
 F - a wand of paralysis (4)
 K - a wand of polymorph (9)
Scrolls
 e - 2 scrolls of teleportation {unknown}
 k - 4 scrolls of enchant armour
 m - 3 scrolls of immolation {unknown}
 n - a scroll of vulnerability {unknown}
 o - 2 scrolls of amnesia {unknown}
 r - 2 scrolls of brand weapon {unknown}
 v - a scroll of enchant weapon {unknown}
 x - a scroll of fear
 E - a scroll of magic mapping
Potions
 f - 6 potions of heal wounds
 i - 6 potions of curing
 j - 3 potions of flight
 w - a potion of attraction {unknown}
 z - a potion of mutation {unknown}
 B - 2 potions of berserk rage {unknown}
 C - a potion of lignification {unknown}
 D - a potion of might {unknown}
 G - a potion of haste


   Skills:
 + Level 8.5 Fighting
 + Level 5.2 Short Blades
 + Level 5.2 Long Blades
 + Level 5.2 Axes
 + Level 5.2 Maces & Flails
 + Level 7.0 Polearms
 + Level 5.2 Staves
 + Level 5.2 Slings
 + Level 5.2 Bows
 + Level 5.2 Crossbows
 + Level 5.2 Throwing
 + Level 5.2 Armour
 + Level 7.0 Dodging
 + Level 10.8 Stealth
 + Level 5.2 Shields
 + Level 5.2 Unarmed Combat
 + Level 5.2 Spellcasting
 + Level 4.3 Conjurations
 + Level 4.3 Hexes
 + Level 4.3 Summonings
 + Level 4.3 Necromancy
 + Level 4.3 Translocations
 + Level 4.3 Transmutations
 + Level 4.3 Fire Magic
 + Level 4.3 Ice Magic
 + Level 4.3 Air Magic
 + Level 4.3 Earth Magic
 + Level 4.3 Poison Magic
 + Level 5.7 Invocations
 + Level 5.2 Evocations


You had 19 spell levels left.
You didn't know any spells.
Your spell library contained the following spells:

 Spells                   Type           Power      Damage    Failure   Level
 Foxfire                  Conj/Fire      44%        2x1d6     17%         1
 Magic Dart               Conj           44%        1d5       17%         1
 Shock                    Conj/Air       44%        1d5       17%         1
 Searing Ray              Conj           22%        3d3       26%         2
 Static Discharge         Conj/Air       11%        N/A       26%         2
 Conjure Flame            Conj/Fire      11%        6-21      45%         3
 Dazzling Flash           Conj/Hex       22%        N/A       45%         3
 Inner Flame              Hex/Fire       11%        N/A       45%         3
 Swiftness                Air            11%        N/A       45%         3
 Airstrike                Air            5%         N/A       86%         4
 Fulminant Prism          Conj/Hex       5%         3d7       86%         4
 Iskenderun's Mystic Bla  Conj/Tloc      11%        2d4       86%         4
 Sticky Flame             Conj/Fire      11%        2d3       86%         4
 Fireball                 Conj/Fire      5%         3d5       99%         5
 Lightning Bolt           Conj/Air       5%         1d17      99%         5


Dungeon Overview and Level Annotations

Branches:
Dungeon (10/15)            Temple (1/1) D:6           Sewer (visited)
   Lair: D:8-11         Orc: D:9-12

Altars:
Ashenzari
Cheibriados
Dithmenos
Elyvilon
Fedhas
Hepliaklqana
Kikubaaqudgha
Makhleb
Nemelex Xobeh
Okawaru
Qazlal
Sif Muna
Trog
Uskayaw
Vehumet
Wu Jian
Xom
Yredelemnul
Zin
The Shining One

Shops:
D:2 =   D:4 (   D:10 *

Annotations:
D:8 1 runed translucent door, exclusion: 4 orange crystal statues
D:9 3 runed translucent doors, Erolcha; bande's ghost, novice GrFi


Innate Abilities, Weirdness & Mutations

You have very sharp teeth.
Your uncanny sense of smell can sniff out nearby items.
Your experience applies equally to all skills.


Message History

The orc warrior barely misses you. The orc barely misses you.
Unknown command.
You hit the orc.
You feel better.
You kill the orc!
You barely miss the orc priest.
You hit the orc warrior but do no damage.
The orc priest mumbles some strange prayers to Beogh against you.
Beogh smites you!
The orc warrior hits you with a +0 dire flail!
The orc hits you with a +0 club. The orc warrior barely misses you.
You block the orc priest's attack.
You are too injured to fight recklessly!
You are too injured to fight recklessly!
Unknown command.
You are too injured to fight recklessly!
Unknown command.
You slash the orc!
You kill the orc!
You hit the orc warrior.
You feel better.
You hit the orc priest.
You feel better.
The orc warrior hits you with a +0 dire flail.
The orc priest calls down the wrath of Beogh upon you.
Beogh smites you!
You hit the orc priest.
You feel better.
The orc priest is heavily wounded.
You hit the orc warrior but do no damage.
The orc priest closely misses you.
The orc warrior hits you with a +0 dire flail!
* * * LOW HITPOINT WARNING * * *
You block the orc warrior's attack.
The orc priest calls down the wrath of Beogh upon you.
Beogh smites you!
* * * LOW HITPOINT WARNING * * *
You hit the orc priest.
You feel better.
The orc priest is severely wounded.
You barely miss the orc warrior.
The orc priest calls upon Beogh to heal the orc warrior.
The orc warrior is healed somewhat.
The orc warrior hits you with a +0 dire flail!
You die...

###.......#
#.......#
.......##.#
#.#####.#
###....##.###.####
#
#.##...........##.#
#.#####.###.......#
###.#####.#
#.##.##.#
..........#
#.......#
.##......##
#.##.##.#
.##......# #.##@# #
.∩.......# #.#oo)#
.##......# #....<..
.........#
#....##.#
....#.####
##.###∆## ......#
#. ##....# #.
##.##.# #. ...##.#


You could see an orc warrior and an orc priest.

Vanquished Creatures
  Harold (D:6)
  A komodo dragon (D:9)
  A hornet (D:9)
  Sigmund (D:5)
  2 wyverns
  Duvessa (D:4)
  A black bear (D:5)
  An ice beast (D:6)
  2 necrophages
  4 ogres
  3 centaurs
  4 phantoms
  2 bullfrogs
  A kobold brigand (Sewer)
  A gnoll sergeant (D:6)
  3 scorpions
  Dowan (D:4)
  4 killer bees
  2 howler monkeys
  2 centaur zombies
  2 bullfrog zombies (D:5)
  3 orc priests
  3 jellies
  3 hounds
  2 bullfrog skeletons
  4 iguanas
  2 scorpion zombies (D:5)
  2 orc wizards (D:9)
  3 gnolls (D:6)
  A howler monkey zombie (D:7)
  4 adders
  4 river rats
  A shadow imp (D:7)
  3 white imps
  An ufetubus (D:4)
  An adder skeleton (D:4)
  A dart slug (D:1)
  18 orcs
  6 ball pythons
  2 bats
  2 endoplasms
  3 giant cockroaches
  6 goblins
  9 hobgoblins
  6 jackals
  6 quokkas
  3 frilled lizards (D:2)
  11 kobolds
  14 rats
164 creatures vanquished.

Vanquished Creatures (others)
  3 demonic plants (D:1)
  9 fungi
  11 plants
  3 withered plants (D:1)
26 creatures vanquished.

Grand Total: 190 creatures vanquished

Notes
Turn   | Place    | Note
-------+----------+-------------------------------------------
     0 | D:5      | Reached skill level 9 in Stealth
     0 | D:5      | flotson the Gnoll Delver began the quest for the Orb.
     0 | D:5      | Reached XP level 1. HP: 23/23 MP: 1/1
    17 | D:4      | Noticed a centaur
    18 | D:4      | Noticed a howler monkey
    60 | D:4      | Found a glowing drain.
    70 | D:4      | Reached XP level 2. HP: 29/29 MP: 2/2
    87 | Sewer    | Entered a sewer
   102 | Sewer    | Reached XP level 3. HP: 17/35 MP: 2/4
   118 | Sewer    | Reached skill level 1 in Invocations
   450 | Sewer    | Noticed a kobold brigand
  1257 | Sewer    | HP: 1/35 [kobold brigand/+0 dagger (4)]
  1259 | Sewer    | Killed a kobold brigand
  1260 | Sewer    | Reached skill level 1 in Short Blades
  1260 | Sewer    | Reached skill level 1 in Long Blades
  1260 | Sewer    | Reached skill level 1 in Axes
  1260 | Sewer    | Reached skill level 1 in Maces & Flails
  1260 | Sewer    | Reached skill level 1 in Staves
  1260 | Sewer    | Reached skill level 1 in Slings
  1260 | Sewer    | Reached skill level 1 in Bows
  1260 | Sewer    | Reached skill level 1 in Crossbows
  1260 | Sewer    | Reached skill level 1 in Throwing
  1260 | Sewer    | Reached skill level 1 in Armour
  1260 | Sewer    | Reached skill level 1 in Shields
  1260 | Sewer    | Reached skill level 1 in Unarmed Combat
  1260 | Sewer    | Reached skill level 1 in Spellcasting
  1260 | Sewer    | Reached skill level 1 in Conjurations
  1260 | Sewer    | Reached skill level 1 in Hexes
  1260 | Sewer    | Reached skill level 1 in Summonings
  1260 | Sewer    | Reached skill level 1 in Necromancy
  1260 | Sewer    | Reached skill level 1 in Translocations
  1260 | Sewer    | Reached skill level 1 in Transmutations
  1260 | Sewer    | Reached skill level 1 in Fire Magic
  1260 | Sewer    | Reached skill level 1 in Ice Magic
  1260 | Sewer    | Reached skill level 1 in Air Magic
  1260 | Sewer    | Reached skill level 1 in Earth Magic
  1260 | Sewer    | Reached skill level 1 in Poison Magic
  1260 | Sewer    | Reached skill level 1 in Evocations
  1260 | Sewer    | Reached XP level 4. HP: 1/41 MP: 5/5
  1741 | Sewer    | Found a white marble altar of Elyvilon.
  1923 | D:4      | Noticed Dowan
  2000 | D:3      | Reached XP level 5. HP: 44/46 MP: 6/6
  2128 | D:2      | Found Naweufokk's Jewellery Boutique.
  2756 | D:1      | Found a faded altar of an unknown god.
  3109 | D:1      | Noticed a ghoul
  3111 | D:1      | Noticed a naga
  3118 | D:1      | Noticed a human
  3118 | D:1      | Noticed a centaur
  3120 | D:1      | Noticed a vine stalker
  3120 | D:1      | Noticed an elf
  3124 | D:1      | Noticed a felid
  3126 | D:1      | Noticed a formicid
  3701 | D:3      | Found a large runed translucent door.
  3707 | D:3      | Found a large runed translucent door.
  4512 | D:3      | Found a snail-covered altar of Cheibriados.
  4523 | D:3      | Found a white marble altar of Elyvilon.
  4612 | D:4      | Found Romaq's Weapon Shop.
  4621 | D:4      | Reached XP level 6. HP: 53/53 MP: 8/8
  4680 | D:4      | Reached skill level 5 in Polearms
  4680 | D:4      | Reached skill level 5 in Dodging
  4707 | D:4      | Reached XP level 7. HP: 57/59 MP: 10/10
  4714 | D:4      | Noticed Duvessa
  4735 | D:4      | Killed Duvessa
  4750 | D:4      | Killed Dowan
  5396 | D:5      | Reached skill level 10 in Stealth
  5408 | D:5      | Reached XP level 8. HP: 66/67 MP: 12/12
  5778 | D:5      | Noticed Sigmund
  5810 | D:5      | Killed Sigmund
  5920 | D:5      | Reached XP level 9. HP: 70/72 MP: 14/14
  6084 | D:5      | Found a basalt altar of Yredelemnul.
  6344 | D:6      | Found a staircase to the Ecumenical Temple.
  6356 | Temple   | Entered the Ecumenical Temple
  7134 | D:7      | Noticed Harold
  8175 | D:6      | Killed Harold
  8176 | D:6      | Reached skill level 5 in Invocations
  8332 | D:8      | Reached XP level 10. HP: 74/80 MP: 17/17
  8380 | D:8      | Found a runed translucent door.
  8392 | D:8      | Found the +10 tower shield of Ignorance {rN+ Int-4}
  8406 | D:8      | Found a runed translucent door.
  8412 | D:8      | Noticed an orange crystal statue
  8713 | D:8      | Reached skill level 5 in Short Blades
  8713 | D:8      | Reached skill level 5 in Long Blades
  8713 | D:8      | Reached skill level 5 in Axes
  8713 | D:8      | Reached skill level 5 in Maces & Flails
  8713 | D:8      | Reached skill level 5 in Staves
  8713 | D:8      | Reached skill level 5 in Slings
  8713 | D:8      | Reached skill level 5 in Bows
  8713 | D:8      | Reached skill level 5 in Crossbows
  8713 | D:8      | Reached skill level 5 in Throwing
  8713 | D:8      | Reached skill level 5 in Armour
  8713 | D:8      | Reached skill level 5 in Shields
  8713 | D:8      | Reached skill level 5 in Unarmed Combat
  8713 | D:8      | Reached skill level 5 in Spellcasting
  8713 | D:8      | Reached skill level 5 in Evocations
  8952 | D:7      | Found a hazy altar of Hepliaklqana.
  9023 | D:9      | Noticed Erolcha
  9219 | D:9      | Found a runed translucent gate.
  9219 | D:9      | Found a runed translucent gate.
  9221 | D:9      | Found a runed translucent gate.
  9222 | D:9      | Noticed bande's ghost (novice GrFi)
  9223 | D:9      | Noticed a kobold demonologist
  9643 | D:4      | Bought a +4 vampiric broad axe for 374 gold pieces
  9770 | D:8      | Noticed an orange crystal statue
  9770 | D:8      | Noticed an orange crystal statue
  9770 | D:8      | Noticed an orange crystal statue
  9953 | D:9      | Noticed a boulder beetle
  9953 | D:9      | Noticed a gargoyle
  9953 | D:9      | Noticed a centaur warrior
  9953 | D:9      | Noticed an ice dragon
 10073 | D:9      | Found a bloodstained altar of Trog.
 10109 | D:10     | Entered Level 10 of the Dungeon
 10126 | D:10     | Found Qifatafa's Lightly-Used Armoury.
 10183 | D:10     | Slain by an orc warrior

Illustrated notes

Levels and vault maps discovered:
D:1:      shiori_arrival_whats_in_store_for_you, layout_rooms,
          shapermc_ecumenical_altar_gd
D:2:      layout_loops_ring, serial_shops, nicolae_shop_statue_plus,
          corexii_leaking_fountain
D:3:      layout_basic, jmf_multi_god_temple2
D:4:      layout_loops_ring, serial_shops, shop, gup_sewer_entry_bubbles,
          palyth_stone_intersect, uniq_duvessa
D:5:      layout_loops_ring, lemuel_zombie_altar_yredelemnul, uniq_sigmund
D:6:      layout_loops_ring, minmay_temple_entry_proselytizer
D:7:      layout_basic, nicolae_overflow_hidden_temple,
          kennysheep_big_empty_room, uniq_harold
D:8:      layout_rooms, chequers_guarded_unrand_ignorance
D:9:      layout_long_grid, trog_book, gammafunk_ghost_nasty_kobolds,
          wad_scary_box, uniq_erolcha
D:10:     layout_loops_cross, gammafunk_temple_overflow_wave,
          david_lair_shrubbed, minmay_shop_damaged
Temple:   regret_index_temple_waves

Skill      XL: |  1  2  3  4  5  6  7  8  9 10 |
---------------+-------------------------------+-----
Stealth        | 10 | 10.8
Invocations    | 1 2 3 4 5 |  5.7
Short Blades   | 1 2 3 4 5 |  5.2
Long Blades    | 1 2 3 4 5 |  5.2
Axes           | 1 2 3 4 5 |  5.2
Maces & Flails | 1 2 3 4 5 |  5.2
Staves         | 1 2 3 4 5 |  5.2
Slings         | 1 2 3 4 5 |  5.2
Bows           | 1 2 3 4 5 |  5.2
Crossbows      | 1 2 3 4 5 |  5.2
Throwing       | 1 2 3 4 5 |  5.2
Armour         | 1 2 3 4 5 |  5.2
Shields        | 1 2 3 4 5 |  5.2
Unarmed Combat | 1 2 3 4 5 |  5.2
Spellcasting   | 1 2 3 4 5 |  5.2
Conjurations   | 1 2 3 4 |  4.3
Hexes          | 1 2 3 4 |  4.3
Summonings     | 1 2 3 4 |  4.3
Necromancy     | 1 2 3 4 |  4.3
Translocations | 1 2 3 4 |  4.3
Transmutations | 1 2 3 4 |  4.3
Fire Magic     | 1 2 3 4 |  4.3
Ice Magic      | 1 2 3 4 |  4.3
Air Magic      | 1 2 3 4 |  4.3
Earth Magic    | 1 2 3 4 |  4.3
Poison Magic   | 1 2 3 4 |  4.3
Evocations     | 1 2 3 4 5 |  5.2
Polearms       | 5 6 7 |  7.0
Dodging        | 5 6 7 |  7.0
Fighting       | 7 8 |  8.5

Action                   |  1- 3 |  4- 6 |  7- 9 | 10-12 || total
-------------------------+-------+-------+-------+-------++-------
Melee: Spear             |    83 |       |       |       ||    83
       Bite              |     4 |    12 |    59 |    13 ||    88
       Whip              |       |   184 |   450 |   111 ||   745
       Punch             |       |     2 |       |       ||     2
       Broad axe         |       |       |       |     9 ||     9
 Fire: Hand crossbow     |       |    12 |    28 |    20 ||    60
Throw: Stone             |    15 |       |       |       ||    15
       Dart              |     2 |       |     3 |     1 ||     6
       Throwing net      |       |       |     1 |     1 ||     2
Evoke: Wand              |     1 |       |       |     1 ||     2
  Use: Scroll            |     3 |       |     4 |     1 ||     8
       Potion            |     1 |       |       |       ||     1
 Stab: Sleeping          |     1 |    20 |    11 |     2 ||    34
       Distracted        |       |     2 |     1 |       ||     3
Armor: Leather armour    |     6 |     4 |   101 |    39 ||   150
       Ring mail         |       |    49 |    14 |       ||    63
Dodge: Dodged            |    32 |   133 |   238 |    72 ||   475
Block: Kite shield       |       |       |   129 |    80 ||   209

Table legend: (Time is in decaauts)
 A = Elapsed time spent in this place.
 B = Non-inter-level travel time spent in this place.
 C = Inter-level travel time spent in this place.
 D = Time resting spent in this place.
 E = Time spent auto-exploring this place.
 F = Levels seen in this place.
 G = Mean time per level.
                   A        B        C        D        E       F      G
               +--------+--------+--------+--------+--------+-----+--------+
         Total |  10398 |   9482 |    916 |   1152 |   5730 |  12 |  866.5 |
       Dungeon |   8427 |   7583 |    844 |    372 |   5063 |  10 |  842.7 |
        Temple |    146 |     74 |     72 |      0 |     74 |   1 |  146.0 |
         Sewer |   1824 |   1824 |      0 |    780 |    593 |   1 | 1824.0 |
               +--------+--------+--------+--------+--------+-----+--------+

Top non-repeatable levels by time:
   Sewer: 1824 daAuts
     D:7: 1133 daAuts
     D:6: 1132 daAuts
     D:3: 1071 daAuts
     D:4: 979 daAuts
     D:5: 920 daAuts
     D:1: 904 daAuts
     D:8: 797 daAuts
     D:9: 705 daAuts
     D:2: 705 daAuts
  Temple: 146 daAuts
    D:10: 77 daAuts
